 Dungeon Crawl Stone Soup version 0.29.1-4-g47bece8355 (webtiles) character file.

Game seed: 2116255521371577720

108 BiteMe the Firebug (level 4, -1/26 (30) HPs)
             Began as a Demonspawn Fire Elementalist on Dec 10, 2022.
             Succumbed to a water moccasin's poison
             ... on level 4 of the Dungeon on Dec 11, 2022.
             The game lasted 00:34:39 (3195 turns).

BiteMe the Firebug (Demonspawn Fire Elementalist)   Turns: 3195, Time: 00:34:40

HP:   -1/26 (30)    AC:  5    Str:  5 (8)  XL:     4   Next: 58%
MP:   6/8           EV: 12    Int: 17 (19) God:
Gold: 200           SH:  0    Dex: 11 (13) Spells: 6/9 levels left

rFire   . . .      SeeInvis +   q - +0 falchion
rCold   . . .      Faith    .   (no shield)
rNeg    . . .      Spirit   .   a - +0 robe
rPois   .          Reflect  .   j - +2 helmet
rElec   .          Harm     .   y - scarf {+Inv}
rCorr   .          Rampage  .   (no gloves)
Will    .....                   (no boots)
Stlth   ++........              (no amulet)
HPRegen 0.08/turn               x - ring of see invisible
MPRegen 0.11/turn               (no ring)

@: lethally poisoned (-1 -> -20), heavily drained
A: foul stench 1
a: Evoke Invisibility


You were on level 4 of the Dungeon.
You visited 1 branch of the dungeon, and saw 5 of its levels.

You collected 200 gold pieces.

Inventory:

Hand Weapons
 d - a +0 dagger
 h - a +0 short sword
 k - a +0 arbalest
 o - a +0 short sword
 q - a +0 falchion (weapon)
 t - a +0 long sword
 A - a +0 trident
Armour
 a - a +0 robe (worn)
 j - a +2 helmet (worn)
 n - a +0 ring mail
 p - a +0 leather armour of poison resistance
 u - a +0 hat
 y - a scarf of invisibility (worn)
Jewellery
 f - a ring of flight
 x - a ring of see invisible (left hand)
Scrolls
 c - 3 scrolls of identify {unknown}
 i - 6 scrolls of teleportation {unknown}
 l - 2 scrolls of summoning {unknown}
Potions
 b - 2 potions of magic
 e - 2 potions of attraction {unknown}
 g - a potion of curing {unknown}
 m - a potion of haste {unknown}
 r - a potion of flight {unknown}
 s - a potion of mutation {unknown}
 v - a potion of degeneration
 w - 2 potions of heal wounds {unknown}
 z - a potion of brilliance {unknown}


   Skills:
 + Level 0.1 Long Blades
 - Level 1.7 Dodging
 - Level 1.7 Stealth
 * Level 3.2 Spellcasting
 + Level 1.7 Conjurations
 * Level 3.9 Fire Magic


You had 6 spell levels left.
You knew the following spells:

 Your Spells              Type           Power      Damage    Failure   Level
a - Foxfire               Conj/Fire      48%        2x1d6     5%          1
b - Scorch                Fire           30%        2d7       5%          2

Your spell library contained the following spells:

 Spells                   Type           Power      Damage    Failure   Level
 Conjure Flame            Conj/Fire      12%        6-21      16%         3
 Inner Flame              Hex/Fire       9%         N/A       22%         3
 Flame Wave               Conj/Fire      12%        2d6       47%         4


Dungeon Overview and Level Annotations

Branches:
Dungeon (5/15)
 Temple: D:4-7

Altars:
Dithmenos
Kikubaaqudgha
Ru

Annotations:
D:4 Menkaure


Innate Abilities, Weirdness & Mutations

You may rarely emit foul miasma when damaged in melee.


Message History

You kill the quokka!
Casting: Foxfire (safe; 4% risk of failure)
Press: ? - help, Q - select action, (/) - cycle Dir - look around, f - activate You miscast Foxfire.
You are very lightly contaminated with residual magic.
Nothing appears to happen.
Casting: Foxfire (safe; 4% risk of failure)
Press: ? - help, Q - select action, (/) - cycle Dir - look around, f - activate You conjure some foxfire!
The foxfire hits the ogre.
The ogre is moderately wounded.
The foxfire hits the ogre.
The ogre is moderately wounded.
You feel drained.
You fail to use your ability.
A water moccasin comes into view.
Your magical contamination has completely faded away.
The ogre attacks as you move away! The ogre misses you.
The water moccasin barely misses you.
The water moccasin completely misses you.
The water moccasin bites you. The ogre barely misses you.
The water moccasin bites you but does no damage.
There is a stone staircase leading up here.
The water moccasin barely misses you.
The ogre hits you with a +0 giant club!!
Ouch! That really hurt!
* * * LOW HITPOINT WARNING * * *
You emit a cloud of foul miasma!
You climb upwards.
Level annotation: Menkaure
There is a stone staircase leading down here.
The water moccasin bites you but does no damage.
Menkaure sighs, "From dust you came, to dust you will return."
The water moccasin bites you.
* * * LOW HITPOINT WARNING * * *
You are lethally poisoned!
The water moccasin poisons you!
It was a potion of degeneration.
There was something very wrong with that liquid.
You feel weakened.
You feel dopey.
You feel clumsy.
You die...

###^####. #######
##.#†####. #.....#
##..†.#....
#.###.####.......##.
#.#.................
#.#.#.####........##
#.....# ##......##
###...# ##.##.##
#@#.# ####.# #>S.#
#.# ##O## #+# #M#
#.# #.. #.. ....
#K..


You could see a water moccasin, an ogre and Menkaure.

Vanquished Creatures
  A jelly (D:4)
  2 adders
  A worm (D:2)
  A dart slug (D:2)
  An orc (D:4)
  9 bats
  4 endoplasms
  2 giant cockroaches
  5 goblins
  6 hobgoblins
  2 jackals (D:1)
  3 quokkas
  2 ball pythons
  3 frilled lizards
  8 kobolds
  3 rats
53 creatures vanquished.

Vanquished Creatures (others)
  133 foxfires
133 creatures vanquished.

Grand Total: 186 creatures vanquished

Notes
Turn   | Place    | Note
-------+----------+-------------------------------------------
     0 | D:1      | BiteMe the Demonspawn Fire Elementalist began the quest for
                  | the Orb.
     0 | D:1      | Reached XP level 1. HP: 13/13 MP: 3/3
   496 | D:1      | Gained mutation: You may rarely emit foul miasma when
                  | damaged in melee. [demonic ancestry]
   496 | D:1      | Reached XP level 2. HP: 19/19 MP: 3/5
  1397 | D:2      | Reached XP level 3. HP: 20/24 MP: 2/6
  1400 | D:2      | Learned a level 2 spell: Scorch
  2177 | D:3      | Found an ancient bone altar of Kikubaaqudgha.
  2177 | D:3      | Found a sacrificial altar of Ru.
  2531 | D:3      | Reached XP level 4. HP: 30/30 MP: 6/8
  2736 | D:3      | Found a shadowy altar of Dithmenos.
  3164 | D:4      | Noticed Menkaure
  3172 | D:5      | Entered Level 5 of the Dungeon
  3172 | D:5      | Noticed an ogre
  3182 | D:5      | Noticed a water moccasin
  3195 | D:4      | Succumbed to a water moccasin's poison

Illustrated notes

Levels and vault maps discovered:
D:1:      psy_arrival_fountain, layout_loops_cross
D:2:      layout_basic, minmay_strange_pillars
D:3:      layout_basic, nicolae_dithmenos_shadow_blocks,
          chequers_temple_overflow_statue_of_worship, minmay_tree_intersection
D:4:      layout_loops_corners, general_overflow_altar, kennysheep_dice,
          uniq_robin, uniq_menkaure
D:5:      layout_rooms, nzn_overflow_gifts_of_might_and_magic,
          mainiacjoe_overflow_24_doors, nzn_wu_jian_contemplation,
          minmay_temple_entry_glassed_door, serial_shops, shop, uniq_pikel

Skill      XL: |  1  2  3  4 |
---------------+-------------+-----
Fire Magic     | 3 |  3.9
Spellcasting   | 3 |  3.2
Long Blades    | |  0.1
Dodging        | |  1.7
Stealth        | |  1.7
Conjurations   | |  1.7

Action                   |  1- 3 |  4- 6 || total
-------------------------+-------+-------++-------
Melee: Falchion          |    10 |       ||    10
       Short sword       |     1 |       ||     1
 Cast: Foxfire           |    61 |    19 ||    80
  Use: Potion            |       |     1 ||     1
Armor: Robe              |     7 |     4 ||    11
Dodge: Dodged            |    23 |    10 ||    33
